EleGiggle, neutral male gnomish Wizard ------ --.--.--------------- |...............%..Gh --......-----..------- |......[-----...--- --........|.......-- ---- |.................| |..-- --............^...| ---<..| |.........|.--..-- |...--- --......-----|-.| --.--- |.------ --..-|...| |.| |....|.-- ---- |.| |-......----|..-- |.--- |......*.--.|...-- |...| ---................-- --...| |........---........| |....| |.......-- --......-- --..-- --....---- |..--.-- ---- |.....| ------- |..|..| ------- EleGiggle the Conjurer Experience level: 3 Strength: 10 Dexterity: 17 Constitution: 10 Intelligence: 19 Wisdom: 9 Charisma: 12 Health: 0(20) Energy: 28(28) Def: 2 Gold: 156 Moves: 1409 Dungeon seed: 7ViMf9oqUoQqdLkz Game ID: EleGiggle_1463149123 Your Inventory: Coins $ - 156 gold pieces Weapons a - a blessed +1 quarterstaff (weapon in hands) Armor e - an uncursed +0 cloak of magic resistance (being worn) q - an uncursed +0 pair of jumping boots (being worn) Comestibles r - 2 uncursed food rations t - an uncursed lichen corpse Scrolls i - an uncursed scroll of scare monster j - an uncursed scroll of teleportation k - an uncursed scroll of stinking cloud p - an uncursed scroll of identify Spellbooks l - a blessed spellbook of force bolt m - an uncursed spellbook of light Potions f - an uncursed potion of sickness g - an uncursed potion of polymorph h - an uncursed potion of confusion o - an uncursed potion of sleeping s - a cursed potion of invisibility Rings c - an uncursed ring of slow digestion (on left hand) d - an uncursed ring of see invisible (on right hand) Wands b - an uncursed wand of magic missile (0:5) Tools n - an uncursed blindfold Spells and supernatural/magical abilities: Name Level Category Fail Memory a - force bolt 1 attack 0% 93% l - light 1 divination 0% 93% W - pray for help -- divine ? -- Y - supernatural jump -- ability ? -- Your skills at the end: Fighting Skills Weapon Skills quarterstaff [Basic] Spellcasting Skills attack spells [Basic] enchantment spells [Basic] Final Attributes: You were piously aligned. You were magic-protected. You saw invisible. You had infravision. You could jump. You had slower digestion. You were unlucky. You are dead. Vanquished creatures: an acid blob a gas spore a hobbit a giant rat a fox a kobold 2 goblins 6 grid bugs 5 lichens a kobold zombie 3 newts 23 creatures vanquished. Voluntary challenges: You used a wielded weapon 28 times, starting on turn 59. You were illiterate. You never genocided any monsters. You never polymorphed an object. You never changed form. You used no wishes. You never split a pudding. You never wrote Elbereth's name. You never violated your personal moral code. Dungeon overview: The Dungeons of Doom: levels 1 to 3 Level 1 a fountain a long staircase Level 2 an armor shop, an altar to Ptah, a fountain stairs to The Gnomish Mines Level 3 The Gnomish Mines: levels 3 to 4 Level 3 stairs to The Dungeons of Doom Level 4 <- You were here History has recorded: On T:1 you entered the Dungeons of Doom to retrieve the Amulet of Yendor! On T:292 you reached level 2 of The Dungeons of Doom. On T:370 you advanced to experience level 2. On T:452 you reached level 3 of The Dungeons of Doom. On T:691 you reached level 1 of The Gnomish Mines. On T:1032 you advanced to experience level 3. On T:1086 you reached level 2 of The Gnomish Mines. Score breakdown: Gold: 156 ( 7469 points) Experience: 3 levels ( 7878 points) Exploration: 4 levels ( 8.33%) ( 7579 points) Discoveries: 2 items ( 0.70%) ( 2504 points) Valuables value: (no points given unless you survive) Artifact value: 0 ( 0 points) Variety of kills: 11 monsters ( 2.89%) ( 5097 points) Turncount: 1409 turns ( 0 points) Survival: died (score multiplied by 80%) Total score: 24421 Latest messages: You miss the hobbit. The hobbit thrusts his dagger. The hobbit hits! You die... Final status: Goodbye EleGiggle the Wizard, killed by a hobbit... You died in The Gnomish Mines on dungeon level 4 with 24421 points, and 156 pieces of gold, after 1409 moves. You were level 3 with a maximum of 20 hit points when you died.